 Dungeon Crawl Stone Soup version 0.30-a0-222-ge547ba4400 (webtiles) character file.

Game seed: 14398181941186006915

49 qw the Chopper (level 3, 0/23 HPs)
             Began as a Gargoyle Fighter on Oct 8, 2022.
             Was an Initiate of Okawaru.
             Slain by an orc
             ... wielding a +0 club
              (3 damage)
             ... on level 3 of the Dungeon.
             The game lasted 00:00:31 (1547 turns).

qw the Chopper (Gargoyle Fighter)                   Turns: 1547, Time: 00:00:32

Health: 0/23       AC: 10    Str: 21    XL:     3   Next: 77%
Magic:  3/3        EV:  9    Int:  8    God:    Okawaru [......]
Gold:   16         SH:  4    Dex:  9    Spells: 2/2 levels left

rFire   . . .      SeeInvis .    Y - +1 war axe
rCold   . . .      Faith    .    c - +0 buckler
rNeg    + . .      Spirit   .    b - +0 scale mail
rPois   inf        Reflect  .    (no helmet)
rElec   +          Harm     .    (no cloak)
rCorr   .          Rampage  .    (no gloves)
Will    .....                    (no boots)
Stlth   ..........               (no amulet)
HPRegen 0.23/turn                (no ring)
MPRegen 0.08/turn                (no ring)

@: no status effects
A: sickness immunity, AC +3, negative energy resistance 1, electricity
resistance, torment resistance 1, petrification resistance
a: Renounce Religion


You were on level 3 of the Dungeon.
You worshipped Okawaru.
Okawaru was noncommittal.
You visited 1 branch of the dungeon, and saw 3 of its levels.

You collected 68 gold pieces.
You spent 52 gold pieces at shops.


Innate Abilities, Weirdness & Mutations

You are immune to sickness and miasma.
Your stone body is resilient. (AC +3)
You are immune to poison.
You resist negative energy. (rN+)
You are resistant to electric shocks. (rElec)
You are resistant to unholy torment.
You are immune to petrification.


   Skills:
 - Level 3.2 Fighting
 + Level 3.3 Axes
 - Level 1.0 Throwing
 - Level 3.2 Armour
 - Level 3.2 Shields


You had 2 spell levels left.
You didn't know any spells.
Your spell library was empty.

Inventory:

Hand Weapons
 h - a +0 flail
 Y - a +1 war axe (weapon)
Missiles
 i - 7 javelins (quivered)
Armour
 b - a +0 scale mail (worn)
 c - a +0 buckler (worn)
Scrolls
 f - 3 scrolls of identify
 g - a scroll of enchant armour
Potions
 a - a potion of berserk rage {unknown}
 d - a potion of might
 l - a potion of attraction {unknown}
 m - a potion of heal wounds {unknown}

Dungeon Overview and Level Annotations

Branches:
Dungeon (3/15)

Altars:
Okawaru

Shops:
D:2 (   D:3 ?


Message History

The orc priest barely misses you.
You barely miss the orc priest.
The orc priest is heavily wounded.
You hit the orc. You barely miss the orc. The orc barely misses you.
The orc hits you but does no damage. You block the orc's attack.
The orc priest hits you but does no damage.
You closely miss the orc.
The orc is almost dead.
You barely miss the orc. You hit the orc priest.
The orc hits you but does no damage. The orc closely misses you.
The orc hits you with a +0 club.
The orc priest looks braver for a moment.
The orc barely misses you.
You barely miss the orc priest.
The orc priest is almost dead.
You slash the orc!
You kill the orc!
Okawaru accepts your kill.
You closely miss the orc.
The goblin shoots a sling bullet.
The sling bullet hits you but does no damage.
The orc priest calls upon Beogh to heal the orc.
The orc is healed somewhat.
The orc hits you from afar with a +0 trident.
The goblin shoots a sling bullet.
The sling bullet hits you but does no damage.
You block the orc's attack.
The orc priest hits you but does no damage.
You barely miss the orc priest.
The orc priest is almost dead.
You closely miss the orc. You block the orc's attack.
The orc hits you with a +0 club. The orc priest barely misses you.
The goblin shoots a sling bullet.
The sling bullet barely misses you. The orc hits you but does no damage.
You barely miss the orc priest.
The orc priest is almost dead.
You hit the orc. The orc hits you with a +0 club.
You die...

##)..........'..........#
#...........#.....>....#
######...........############
....)............#
.......####.#+##.# ..)....#
#...##.# .......# #....#
.......######.#..#
###+###.......#o@#
##.#######o.# #.......<##og
#.#########og. ... .....
..... ...... .~~.~~. .....~~
~~~~~~~ ~~....~~~ ~~~~~~~


You could see an orc priest, 3 orcs and 2 goblins.

Vanquished Creatures
  A worm (D:3)
  2 orcs (D:3)
  4 ball pythons
  6 endoplasms
  A giant cockroach (D:2)
  A goblin (D:1)
  4 hobgoblins
  5 jackals (D:1)
  4 kobolds
  2 quokkas (D:2)
  5 bats
  3 frilled lizards
  A rat (D:1)
39 creatures vanquished.

Vanquished Creatures (others)
  6 plants
  4 toadstools (D:1)
10 creatures vanquished.

Grand Total: 49 creatures vanquished

Notes
Turn   | Place    | Note
-------+----------+-------------------------------------------
     0 | D:1      | qw the Gargoyle Fighter began the quest for the Orb.
     0 | D:1      | Reached XP level 1. HP: 14/14 MP: 1/1
     0 | D:1      | 0 ||| qw: Version: 0.2-a-17-g79969f3
     0 | D:1      | 0 ||| qw: Game counter: 1980
     0 | D:1      | 0 ||| qw: Always use a shield: true
     0 | D:1      | 0 ||| qw: God list: Okawaru
     0 | D:1      | 0 ||| qw: Allow faded altars: false
     0 | D:1      | 0 ||| qw: Do Orc after D:15 true
     0 | D:1      | 0 ||| qw: Do second Lair branch before Depths: true
     0 | D:1      | 0 ||| qw: Lair rune preference: random
     0 | D:1      | 0 ||| qw: Plans: Normal, Zot:1-4, God:TSO, Crypt, Tomb,
                  | Pan, Slime:5, Hells, Abyss, Orb
     0 | D:1      | 0 ||| PLANNING D:1-11
    86 | D:1      | 86 ||| Stepping ~*~*~tactically~*~*~ (stealth).
    91 | D:1      | Reached XP level 2. HP: 19/19 MP: 2/2
   244 | D:1      | 244 ||| Stepping ~*~*~tactically~*~*~ (stealth).
   321 | D:1      | 321 ||| Stepping ~*~*~tactically~*~*~ (stealth).
   338 | D:1      | Reached skill level 3 in Axes
   508 | D:1      | Reached XP level 3. HP: 22/23 MP: 3/3
   808 | D:1      | 808 ||| DROPPING ring of flight.
   809 | D:1      | 809 ||| READING scroll labelled SETZEO XEITIQO.
   810 | D:1      | 810 ||| READING 2 scrolls labelled SAUSUGGIGIPS.
   811 | D:1      | 811 ||| READING scroll labelled LONADE LOO.
   812 | D:1      | 812 ||| READING scroll labelled XINOKY OZEYMABB.
   898 | D:2      | 898 ||| FLEEEEING.
   899 | D:2      | 899 ||| FLEEEEING.
   900 | D:2      | 900 ||| FLEEEEING.
   901 | D:2      | 901 ||| FLEEEEING.
   906 | D:2      | 906 ||| FLEEEEING.
   906 | D:2      | Found Yqul's Antique Weapon Emporium.
   927 | D:2      | Found a faded altar of an unknown god.
   944 | D:2      | 944 ||| Stepping ~*~*~tactically~*~*~ (stealth).
   990 | D:2      | Reached skill level 1 in Throwing
  1086 | D:2      | Found an iron altar of Okawaru.
  1087 | D:2      | 1087 ||| PLANNING OKAWARU WORSHIP
  1087 | D:2      | 1087 ||| READING scroll labelled FOVACA QOLUPN.
  1088 | D:2      | 1088 ||| DRINKING 2 metallic sapphire potions.
  1089 | D:2      | 1089 ||| DROPPING potion of invisibility.
  1097 | D:2      | Became a worshipper of Warmaster Okawaru
  1098 | D:2      | 1098 ||| PLANNING D:1-11
  1423 | D:2      | 1423 ||| READING scroll labelled YHOXIUDDIG.
  1507 | D:3      | Found Fisufu's Magic Scroll Boutique.
  1510 | D:3      | 1510 ||| SHOPLISTING scroll of enchant weapon (97 gold,
                  | have 68).
  1510 | D:3      | 1510 ||| BUYING scroll of identify (26 gold).
  1510 | D:3      | Bought a scroll of identify for 26 gold pieces
  1510 | D:3      | 1510 ||| BUYING scroll of identify (26 gold).
  1510 | D:3      | Bought a scroll of identify for 26 gold pieces
  1510 | D:3      | 1510 ||| SHOPLISTING scroll of identify (26 gold, have 16).
  1510 | D:3      | 1510 ||| DROPPING +0 mace.
  1545 | D:3      | HP: 5/23 [orc/+0 trident (5)]
  1546 | D:3      | HP: 2/23 [orc/+0 club (3)]
  1547 | D:3      | Slain by an orc

Levels and vault maps discovered:
D:1:      ldierk_walled_garden_2, layout_loops_cross, serial_bayou_pond_b
D:2:      layout_rooms, ebering_ecumenical_altar_abandoned, serial_bayou,
          serial_bayou_pond_a, serial_bayou_pond_b, serial_bayou_ford_a,
          serial_bayou_pond_a, basic_altar, serial_shops, nicolae_shop_stone,
          minmay_misc_feat_roman, minmay_crystal_room
D:3:      minmay_goblin_kobold_castle, layout_basic, serial_shops, shop

Skill      XL: |  1  2  3 |
---------------+----------+-----
Axes           | 2 3 |  3.3
Throwing       | 1 |  1.0
Fighting       | |  3.2
Armour         | |  3.2
Shields        | |  3.2

Action                   || total
-------------------------++-------
Melee: War axe           ||    79
Throw: Javelin           ||    31
  Use: Scroll            ||     6
       Potion            ||     1
Armor: Scale mail        ||    58
Dodge: Dodged            ||    46
Block: Buckler           ||    22

Table legend:
 A = Non-vault XP
 B = Vault XP
 C = Vault XP percentage of total XP
 D = Non-vault monster count
 E = Vault monster count
 F = Vault count percentage of total count
                 A         B        C        D         E       F
            +---------+---------+-------+---------+---------+-------
      Total |      62 |       9 |  12.7 |      34 |       5 |  12.8
            +---------+---------+-------+---------+---------+-------
        D:1 |      28 |       8 |  22.2 |      17 |       4 |  19.0
        D:2 |      18 |       1 |   5.3 |      11 |       1 |   8.3
        D:3 |      16 |       0 |   0.0 |       6 |       0 |   0.0
            +---------+---------+-------+---------+---------+-------
